 Dungeon Crawl Stone Soup version 0.27-a0-242-ge0fc76b88b (webtiles) character file.

Game seed: 17310585676477219484

281 knot the Chopper (level 6, 48/70 HPs)
             Began as a Demonspawn Berserker on Feb 3, 2021.
             Was a Believer of Trog.
             Quit the game on level 3 of the Dungeon.
             The game lasted 00:02:41 (3003 turns).

knot the Chopper (Demonspawn Berserker)             Turns: 3003, Time: 00:02:41

Health: 48/70      AC:  7    Str: 14 (17) XL:     6   Next: 6%
Magic:  6/6        EV: 10    Int: 17      God:    Trog [**....]
Gold:   48         SH:  0    Dex: 10 (12) Spells: 5/5 levels left

rFire    . . .     SeeInvis .   a - +0 hand axe
rCold    . . .     Faith    .   (no shield)
rNeg     . . .     Spirit   .   d - +0 ring mail
rPois    .         Reflect  .   (helmet restricted)
rElec    .         Harm     .   (no cloak)
rCorr    .         Rampage  .   (no gloves)
Will     ++...                  (no boots)
Stlth    ..........             (no amulet)
HPRegen  1.21/turn              g - ring of flight
MPRegen  0.10/turn              i - +6 ring of intelligence

@: berserking, regenerating, very quick
A: antennae 2, molten scales 1
a: Renounce Religion, Evoke Flight, Berserk, Trog's Hand


You were on level 3 of the Dungeon.
You worshipped Trog.
Trog was pleased with you.
You visited 1 branch of the dungeon, and saw 3 of its levels.

You collected 48 gold pieces.

Inventory:

Hand Weapons
 a - a +0 hand axe (weapon)
Missiles
 c - 63 stones
 f - 16 sling bullets
Armour
 d - a +0 ring mail (worn)
Jewellery
 g - a ring of flight (left hand)
 i - a +6 ring of intelligence (right hand)
Scrolls
 b - a scroll of enchant weapon {unknown}
 h - a scroll of enchant armour {unknown}
 j - 2 scrolls of identify {unknown}
 k - a scroll of remove curse {unknown}
 l - a scroll of noise {unknown}
 n - a scroll of teleportation {unknown}
 o - a scroll of fear {unknown}
Potions
 e - a potion of heal wounds


   Skills:
 - Level 3.0 Fighting
 + Level 6.2 Axes
 - Level 1.7 Armour
 - Level 1.7 Dodging


You had 5 spell levels left.
You didn't know any spells.
Your spell library was empty.

Dungeon Overview and Level Annotations

Branches:
Dungeon (3/15)

Altars:


Innate Abilities, Weirdness & Mutations

You have a pair of antennae on your head.
You are partially covered in molten scales. (AC +2)


Message History

You slash Sigmund!
Sigmund is severely wounded.
Sigmund hits you with a +0 scythe.
You closely miss Sigmund.
Sigmund is severely wounded.
You slash Sigmund!
You kill Sigmund!
Trog accepts your kill.
Trog appreciates your killing of a magic user.
You feel your intelligence returning.
Your Axes skill increases to level 6!
You have reached level 5!
Your demonic ancestry asserts itself...
Molten scales grow over part of your body.
You have reached level 6!
Your experience leads to an increase in your attributes!
Your base attributes are Str 17, Int 10, Dex 12.
Increase (S)trength, (I)ntelligence, or (D)exterity?
You feel clever.
Are you sure you want to abandon this character and quit the game? (Confirm with "yes".)

#. .. #. #. #. #.
##.## #
######..†##.#
{.......#@)oo#
###.#...###o..#
#.##.## .# #
##########.##.# #
#........#.##.#
{{
###.######.#.##.#
....######...##.#
# #....†........#
###.#####...#####


You could see 3 orcs.

Vanquished Creatures
  Sigmund (D:3)
  A worker ant (D:2)
  3 adders
  An ooze (D:1)
  A worm (D:3)
  A dart slug (D:2)
  A leopard gecko (D:3)
  5 orcs
  3 ball pythons
  8 giant cockroaches
  7 goblins
  7 hobgoblins
  6 jackals
  A quokka (D:2)
  A bat (D:2)
  4 frilled lizards
  4 kobolds
  A rat (D:2)
56 creatures vanquished.

Vanquished Creatures (others)
  9 plants (D:1)
9 creatures vanquished.

Grand Total: 65 creatures vanquished

Notes
Turn   | Place    | Note
-------+----------+-------------------------------------------
     0 | D:1      | knot the Demonspawn Berserker began the quest for the Orb.
     0 | D:1      | Reached XP level 1. HP: 18/18 MP: 1/1
   135 | D:1      | Reached skill level 3 in Axes
   156 | D:1      | Gained mutation: You have a pair of small antennae on your
                  | head. [demonic ancestry]
   156 | D:1      | Reached XP level 2. HP: 5/24 MP: 2/2
  1118 | D:1      | Gained mutation: You have a pair of antennae on your head.
                  | [demonic ancestry]
  1118 | D:1      | Reached XP level 3. HP: 25/29 MP: 3/3
  1455 | D:2      | Reached skill level 4 in Axes
  1503 | D:2      | Reached ** piety under Trog
  1822 | D:2      | Reached XP level 4. HP: 35/35 MP: 4/4
  2575 | D:3      | Reached skill level 5 in Axes
  2987 | D:3      | Noticed Sigmund
  3002 | D:3      | Killed Sigmund
  3003 | D:3      | Reached skill level 6 in Axes
  3003 | D:3      | Gained mutation: You are partially covered in molten
                  | scales. (AC +2) [demonic ancestry]
  3003 | D:3      | Reached XP level 5. HP: 41/41 MP: 5/5
  3003 | D:3      | Reached XP level 6. HP: 47/47 MP: 6/6
  3003 | D:3      | Quit the game

Illustrated notes

Levels and vault maps discovered:
D:1:      dpeg_arrival_prison, layout_basic, serial_bayou, serial_bayou_lake_a,
          serial_bayou_shore_b, serial_bayou_crossing, serial_bayou_pond_b
D:2:      layout_rooms, serial_corexii_hall, corexii_hall_statues_x,
          corexii_hall_statues_i, minmay_misc_feat_pillars,
          grunt_decor_mini_mirrors
D:3:      layout_loops_ring, uniq_ijyb, uniq_sigmund

Skill      XL: |  1  2  3  4 |
---------------+-------------+-----
Axes           | 3 4 6 |  6.2
Fighting       | |  3.0
Armour         | |  1.7
Dodging        | |  1.7

Action                   |  1- 3 |  4- 6 || total
-------------------------+-------+-------++-------
Melee: Hand axe          |   114 |    64 ||   178
Invok: Berserk           |     3 |     3 ||     6
       Trog's Hand       |       |     1 ||     1
  Use: Potion            |       |     2 ||     2
Armor: Animal skin       |     2 |       ||     2
       Ring mail         |    40 |    17 ||    57
Dodge: Dodged            |    63 |    36 ||    99

Table legend: (Time is in decaauts)
 A = Elapsed time spent in this place.
 B = Non-inter-level travel time spent in this place.
 C = Inter-level travel time spent in this place.
 D = Time resting spent in this place.
 E = Time spent auto-exploring this place.
 F = Levels seen in this place.
 G = Mean time per level.
                   A        B        C        D        E       F      G
               +--------+--------+--------+--------+--------+-----+--------+
         Total |   3124 |   3054 |     70 |    665 |   1969 |   3 | 1041.3 |
       Dungeon |   3124 |   3054 |     70 |    665 |   1969 |   3 | 1041.3 |
               +--------+--------+--------+--------+--------+-----+--------+

Top non-repeatable levels by time:
     D:1: 1431 daAuts
     D:2: 1114 daAuts
     D:3: 577 daAuts
